 Dungeon Crawl Stone Soup version 0.19.0-24-gb05acd6 (webtiles) character file.

58 equalderp2856 the Scratcher (level 3, -8/17 HPs)
             Began as a Felid Fighter on Nov 22, 2016.
             Mangled by Sigmund
             ... wielding a +0 scythe
              (10 damage)
             ... on level 3 of the Dungeon.
             The game lasted 00:06:11 (2261 turns).

equalderp2856 the Scratcher (Felid Fighter)         Turns: 2261, Time: 00:06:12

Health: -8/17      AC:  1    Str: 18    XL:     3   Next: 76%
Magic:  4/4        EV: 19    Int:  9    God:
Gold:   95         SH:  0    Dex: 15    Spells: 0 memorised, 2 levels left
                                        Lives:  0   Deaths: 0

rFire  . . .     SeeInvis +       - Unarmed
rCold  . . .     Gourm    .     (armour unavailable)
rNeg   . . .     Faith    .     (shield unavailable)
rPois  .         Spirit   .     (helmet unavailable)
rElec  .         Reflect  .     (cloak unavailable)
rCorr  .         Harm     .     (gloves unavailable)
MR     .....                    (boots unavailable)
Stlth  ++........               (no amulet)
                                (no ring)
                                (no ring)

@: mighty, quick
A: no armour, no weapons or thrown items, stealth, claws 1, fangs 3, see
invisible, carnivore 3, speed 1, shaggy fur 1, slow metabolism 1, sharp paws
a: no special abilities


You were on level 3 of the Dungeon.
You were very full.

You visited 1 branch of the dungeon, and saw 3 of its levels.

You collected 95 gold pieces.

Inventory:

Missiles
 s - 6 poisoned needles
Magical Staves
 t - an uncursed staff of wizardry {unknown}
Jewellery
 o - an uncursed ring of poison resistance {unknown}
Scrolls
 c - a scroll of random uselessness {unknown}
 e - 5 scrolls of identify {unknown}
 g - a scroll of enchant weapon {unknown}
 i - 3 scrolls of recharging {unknown}
 j - a scroll of amnesia {unknown}
 k - 2 scrolls of enchant armour {unknown}
 m - 3 scrolls of remove curse {unknown}
 q - a scroll of magic mapping {unknown}
Potions
 d - a potion of cancellation {unknown}
 f - a potion of lignification {unknown}
 h - a potion of haste {unknown}
 l - a potion of flight {unknown}
 n - a potion of ambrosia {unknown}
 p - a potion of magic {unknown}
Comestibles
 b - 2 meat rations
 r - a beef jerky


   Skills:
 + Level 3.4 Fighting
 + Level 4.1 Dodging
 + Level 1.1 Stealth
 + Level 5.0 Unarmed Combat


You had 2 spell levels left.
You didn't know any spells.

Dungeon Overview and Level Annotations

Branches:
Dungeon (3/15)

Altars:
Kikubaaqudgha
Ru

Annotations:
D:3 Sigmund


Innate Abilities, Weirdness & Mutations

You cannot wear armour.
You are incapable of wielding weapons or throwing items.
Your paws allow you to move quietly. (Stealth)
You have sharp claws.
You have razor-sharp teeth.
You have supernaturally acute eyesight. (SInv)
You are carnivorous and can eat meat at any time.
You cover ground quickly.
You are covered in fur. (AC +1)
You have a slow metabolism.
Your sharp claws are effective at attacking unaware monsters.


Message History

The helpless rat fails to defend itself.
You mangle the rat!!
You kill the rat!
Found a scale mail.
You see here a scale mail.
Found 18 gold pieces and a scroll labeled HOTIPLAFAP.
Sigmund the Dreaded comes into view.
He is wielding a scythe.
Sigmund shouts!
Sigmund closely misses you.
You claw Sigmund!
Sigmund is moderately wounded.
You scratch Sigmund. Your claw misses Sigmund.
Sigmund is heavily wounded.
Sigmund hits you with a scythe!
Ouch! That really hurt!
* * * LOW HITPOINT WARNING * * *
You feel very mighty all of a sudden. Sigmund hits you with a scythe!
Ouch! That really hurt!
You die...

#.##.###.#
#.##.# #.#
#.##.# #.#
#.##.###.# #####
#........#
..?#######.#####
....# #.# #@#.#
#.# #@#.#####.#
#.........#
#.#.#######
...#$# .....#.#
#.......#
#########


You could see Sigmund.

Vanquished Creatures
  An adder (D:2)
  An ooze (D:1)
  2 worms (D:2)
  A dart slug (D:1)
  A leopard gecko (D:2)
  2 giant cockroaches
  5 goblins
  2 hobgoblins
  6 bats
  4 frilled lizards
  7 kobolds
  8 rats
40 creatures vanquished.

Notes
Turn   | Place    | Note
-------+----------+-------------------------------------------
     0 | D:1      | equalderp2856 the Felid Fighter began the quest for the Orb.
     0 | D:1      | Reached XP level 1. HP: 10/10 MP: 2/2
   293 | D:1      | Reached XP level 2. HP: 14/14 MP: 3/3
  1023 | D:2      | Found a sacrificial altar of Ru.
  1120 | D:2      | Reached XP level 3. HP: 12/17 MP: 4/4
  1649 | D:2      | Reached skill level 1 in Stealth
  1822 | D:2      | Found an ancient bone altar of Kikubaaqudgha.
  2105 | D:3      | Reached skill level 5 in Unarmed Combat
  2256 | D:3      | Noticed Sigmund
  2261 | D:3      | Mangled by Sigmund

Skill      XL: |  1  2  3 |
---------------+----------+-----
Stealth        | 1 |  1.1
Unarmed Combat | 5 |  5.0
Fighting       | |  3.4
Dodging        | |  4.1

Action                   || total
-------------------------++-------
Melee: Unarmed           ||    95
       Punch             ||     2
       Bite              ||     4
  Use: Potion            ||     1
 Stab: Sleeping          ||     6
  Eat: Chunk             ||     9
Armor: Skin              ||     3
Dodge: Dodged            ||    89
